 Dungeon Crawl Stone Soup version 0.30-a0-1164-ge08a67761e (webtiles) character file.

Game seed: 14964053518499161714

11 Esekla the Sneak (level 2, 21/21 HPs)
             Began as an Octopode Delver on Apr 29, 2023.
             Quit the game on level 5 of the Dungeon.
             The game lasted 00:02:16 (134 turns).

Esekla the Sneak (Octopode Delver)                   Turns: 134, Time: 00:02:17

Health: 21/21      AC:  1    Str: 11    XL:     2   Next: 25%
Magic:  2/2        EV: 13    Int: 12    God:
Gold:   0          SH:  0    Dex: 13    Spells: 1/1 levels left

rFire   . . .        a - +0 falchion
rCold   . . .        (no shield)
rNeg    . . .        (helmet restricted)
rPois   .            (no amulet)
rElec   .            (no ring)
rCorr   .            (no ring)
SInv    .            (no ring)
Will    .....        (no ring)
Stlth   ++++         (no ring)
HPRegen 0.23/turn    (no ring)
MPRegen 0.08/turn    (no ring)
                     (no ring)

%: no passive effects
@: no status effects
A: almost no armour, amphibious, 8 rings, camouflage 1, gelatinous body 1,
(nimble swimmer 1), tentacles
a: no special abilities


You were on level 5 of the Dungeon.
You visited 1 branch of the dungeon, and saw 1 of its levels.

Inventory:

Hand Weapons
 a - a +0 falchion (weapon)
Wands
 f - a wand of digging (3)
Scrolls
 b - a scroll of fog
 d - a scroll of fear
Potions
 e - a potion of haste


   Skills:
 * Level 3.1 Fighting
 * Level 2.1 Long Blades
 * Level 2.1 Dodging
 + Level 6.9 Stealth
 * Level 0.3 Spellcasting


You had one spell level left.
You didn't know any spells.
Your spell library was empty.

Dungeon Overview and Level Annotations

Branches:
Dungeon (5/15)
 Temple: D:4-7

Altars:

Shops:
D:5 =


Innate Abilities, Weirdness & Mutations

You cannot wear most types of armour.
You are amphibious.
You can wear up to eight rings at the same time.
Your skin changes colour to match your surroundings (Stealth+).
Your rubbery body absorbs attacks. (AC +1, EV +1)
((You are camouflaged when in or above water. (Stealth+)))
You have tentacles for arms and can constrict up to eight enemies at once.


Message History

You open the door.
A centaur comes into view.
There is an open door here.
There is an open door here.
You close the door.
You open the door.
There is an open door here.
An adder comes into view.
Found a leather armour.
The adder hisses angrily.
Found two stone staircases leading up.
An orc comes into view. It is wielding a +0 flail.
You completely miss the adder. Your grab misses the adder.
Your squeeze misses the adder. The adder closely misses you.
You barely miss the adder. You grab the adder. You constrict the adder.
The adder completely misses you. The adder bites you but does no damage.
You hit the adder but do no damage. You squeeze the adder.
The adder is severely wounded.
You constrict the adder.
You kill the adder!
You have reached level 2!
You hit the orc. You grab the orc.
The orc is severely wounded.
You constrict the orc.
You kill the orc!
You see here a +0 flail.
A black bear comes into view.
A sleepcap comes into view.
You open the door.
There is an open door here.
You close the door.
An iguana comes into view.
Found 5 gold pieces.
The iguana hisses angrily.
The black bear growls angrily.
A hound comes into view.
Found Siwnamna's Jewellery Boutique.
There is an entrance to Siwnamna's Jewellery Boutique here.
You can access your shopping list by pressing '$'.
Are you sure you want to abandon this character and quit the game? (Confirm with "yes".)

*,,,,,,,,,* *,,* *,*,...,
****,****,###..#**,*,#.#,
#,* *,......##,,,#.#, #.*
####.....#####.##
##.#**#f....f..#...#.#.
##....,.........#.#.#.#.
#.....#*#.......#.#.....
*...h#.#.#..h...#.######
*,#..##@##........# #..
*,*#.#.#h#......### #..
*>*#..###..#...## ##.
*,*#....$..##+## #.
*,*####.#####.# #.
##.###...# #.# #.
#......### ##.## #.
#..###l## ##...## *** #.
#.......# #.....#**,**#.


You could see a black bear and a sleepcap (wandering).

Vanquished Creatures
  An adder (D:5)
  An orc (D:5)
2 creatures vanquished.

Notes
Turn   | Place    | Note
-------+----------+-------------------------------------------
     0 | D:5      | Esekla the Octopode Delver began the quest for the Orb.
     0 | D:5      | Reached XP level 1. HP: 16/16 MP: 1/1
     9 | D:5      | Noticed a centaur
    77 | D:5      | Reached XP level 2. HP: 21/21 MP: 2/2
   107 | D:5      | Noticed a black bear
   131 | D:5      | Found Siwnamna's Jewellery Boutique.
   134 | D:5      | Quit the game

Illustrated notes

Levels and vault maps discovered:
D:5:      layout_loops_corners, led_xom_imps, serial_shops,
          nicolae_shop_gaudy_bauble, minmay_misc_feat_ornament

Action                     || total
---------------------------++-------
  Melee: Falchion          ||     4
         Constrict         ||     2
         Tentacles         ||     1
    Use: Scroll            ||     1
 Armour: Skin              ||     1
  Dodge: Dodged            ||     2

Table legend: (Time is in decaauts)
 A = Elapsed time spent in this place.
 B = Non-inter-level travel time spent in this place.
 C = Inter-level travel time spent in this place.
 D = Time resting spent in this place.
 E = Time spent auto-exploring this place.
 F = Levels seen in this place.
 G = Mean time per level.
                   A        B        C        D        E       F      G
               +--------+--------+--------+--------+--------+-----+--------+
         Total |    134 |    134 |      0 |      0 |      0 |   1 |  134.0 |
       Dungeon |    134 |    134 |      0 |      0 |      0 |   1 |  134.0 |
               +--------+--------+--------+--------+--------+-----+--------+

Top non-repeatable levels by time:
     D:5: 134 daAuts
